 Dungeon Crawl Stone Soup version 0.30-a0-269-gf0224bf7b6 (webtiles) character file.

Game seed: 2219837813352493012

10670 Sobieck the Summoner (level 11, -5/99 HPs)
             Began as an Ogre Summoner on Oct 14, 2022.
             Was an Elder of Hepliaklqana.
             Slain by a yak (7 damage)
             ... in a Gauntlet.
             The game lasted 00:43:11 (10433 turns).

Sobieck the Summoner (Ogre Summoner)               Turns: 10433, Time: 00:43:12

Health: -5/99      AC:  5    Str: 20    XL:     11   Next: 65%
Magic:  33/33      EV: 10    Int: 23    God:    Hepliaklqana [****..]
Gold:   399        SH:  0    Dex:  9    Spells: 15/28 levels left

rFire   . . .      SeeInvis .    a - +2 falchion (elec) {long}
rCold   . . .      Faith    .    (no shield)
rNeg    . . .      Spirit   .    j - +0 troll leather armour
rPois   +          Reflect  .    (helmet restricted)
rElec   .          Harm     .    (no cloak)
rCorr   .          Rampage  .    (gloves unavailable)
Will    ++...      NoTele   +    (boots unavailable)
Stlth   ++........               A - amulet "Kudunia" {RegenMP Regen+ Int+3}
HPRegen 1.96/turn                f - ring of protection from cold
MPRegen 0.63/turn                z - ring of Eniam {rPois rC- Will+ MP+9 Str+6}

@: slowed, very slow
A: reduced essence, large, unfitting armour, tough skin 1
a: Renounce Religion, Recall Ancestor, Ancestor Identity, Transference, Idealise


You were in a Gauntlet.
You worshipped Hepliaklqana.
Hepliaklqana was greatly pleased with you.
You visited 2 branches of the dungeon, and saw 12 of its levels.
You also visited: Gauntlet.

You collected 2108 gold pieces.
You spent 1709 gold pieces at shops.


Innate Abilities, Weirdness & Mutations

Your life essence is reduced to manifest your ancestor. (-10% HP)
You are too large for most types of armour.
You have tough skin. (AC +1)


   Skills:
 - Level 8.0 Fighting
 - Level 0.8 Short Blades
 - Level 4.0 Armour
 - Level 4.0 Dodging
 - Level 4.0 Stealth
 - Level 9.0 Spellcasting
 - Level 3.0 Hexes
 + Level 9.8 Summonings
 - Level 6.0 Air Magic
 + Level 3.8 Invocations


You had 15 spell levels left.
You knew the following spells:

 Your Spells              Type           Power      Damage    Failure   Level
a - Call Canine Familiar  Summ           53%        N/A       1%          3
b - Summon Guardian Gole  Hex/Summ       39%        N/A       1%          3
c - Summon Lightning Spi  Summ/Air       46%        N/A       2%          4
d - Call Imp              Summ           53%        N/A       1%          2
e - Summon Small Mammal   Summ           100%       N/A       1%          1

Your spell library contained the following spells:

 Spells                   Type           Power      Damage    Failure   Level
 Vhi's Electric Charge    Tloc/Air       48%        N/A       6%          3
 Magic Dart               Conj           40%        1d5       7%          1
 Sandblast                Erth           20%        2d7       7%          1
 Passwall                 Tmut/Erth      8%         N/A       11%         2
 Searing Ray              Conj           20%        2d5       11%         2
 Sublimation of Blood     Necr           10%        N/A       11%         2
 Wereblood                Tmut           10%        N/A       11%         2
 Inner Flame              Hex/Fire       17%        N/A       12%         3
 Gell's Gravitas          Tloc           10%        N/A       22%         3
 Stone Arrow              Conj/Erth      20%        3d8       22%         3
 Teleport Other           Tloc           10%        N/A       22%         3
 Fulminant Prism          Conj/Hex       8%         3d7       36%         4
 Arcjolt                  Conj/Air       12%        1d22      50%         5
 Flame Wave               Conj/Fire      10%        2d6       56%         4
 Olgreb's Toxic Radiance  Pois           10%        N/A       56%         4
 Petrify                  Tmut/Erth      10%        N/A       56%         4
 Sticky Flame             Conj/Fire      10%        2d3       56%         4
 Irradiate                Conj/Tmut      5%         3d13      89%         5
 Dispersal                Tloc           5%         N/A       100%        6
 Maxwell's Capacitive Co  Air            18%        ∞         100%        8
 Necromutation            Tmut/Necr      5%         N/A       100%        8

Inventory:

Hand Weapons
 a - a +2 falchion of electrocution (weapon) {long}
   (You took it off an orc on level 7 of the Dungeon)
 c - a +0 club {mace}
   (You took it off a goblin on level 1 of the Dungeon)
 r - a +3 scimitar of flaming {long}
   (You took it off Erica on level 9 of the Dungeon)
 x - a +2 dagger of protection {short}
   (You found it on level 1 of the Dungeon)
 S - a +4 dagger of holy wrath {short}
   (You found it on level 7 of the Dungeon)
Missiles
 e - 55 stones {throwing}
 l - a curare-tipped dart {=fthrowing}
 o - 3 boomerangs {throwing}
 D - 22 poisoned darts {throwing}
Armour
 j - a +0 troll leather armour (worn)
   (You bought it in a shop on level 1 of the Dungeon)
 k - a +0 kite shield of fire resistance
   (You bought it in a shop on level 1 of the Dungeon)
Magical Staves
 y - a staff of poison {!astaff}
   (You found it on level 3 of the Dungeon)
 K - a staff of air {!astaff}
   (You found it on level 11 of the Dungeon)
Jewellery
 f - a ring of protection from cold (left hand)
   (You found it on level 1 of the Dungeon)
 g - a +6 ring of dexterity
   (You found it on level 8 of the Dungeon)
 p - a ring of fire
   (You found it on level 9 of the Dungeon)
 q - an amulet of reflection
   (You bought it in a shop on level 1 of the Dungeon)
 w - a +4 ring of protection
   (You bought it in a shop on level 1 of the Dungeon)
 z - the ring of Eniam (right hand) {rPois rC- Will+ MP+9 Str+6}
   (You bought it in a shop on level 1 of the Dungeon)

   [ring of strength]

   Str:       It affects your strength (+6).
   rC:        It makes you vulnerable to cold.
   rPois:     It protects you from poison.
   MP:        It affects your magic capacity (+9).
   Will:      It increases your willpower.
 A - the amulet "Kudunia" (around neck) {RegenMP Regen+ Int+3}
   (You bought it in a shop on level 4 of the Dungeon)

   [amulet of magic regeneration]

   It increases your rate of magic regeneration.
   Int:       It affects your intelligence (+3).
   Regen:     It increases your rate of health regeneration.
 G - a +4 ring of protection
   (You found it on level 10 of the Dungeon)
 T - a ring of positive energy
   (You found it on level 7 of the Dungeon)
 W - a +4 ring of slaying
   (You found it on level 7 of the Dungeon)
Wands
 N - a wand of iceblast (24)
   (You found it on level 6 of the Dungeon)
Scrolls
 d - 5 scrolls of teleportation {@r4}
 h - 3 scrolls of immolation {!r!r}
 n - a scroll of enchant weapon {unknown}
 v - a scroll of torment {!r}
 C - 2 scrolls of noise {!r}
 E - 2 scrolls of magic mapping {!r}
 I - a scroll of silence {unknown}
 L - 2 scrolls of brand weapon
 P - a scroll of fog
 Q - a scroll of identify {@r1}
 U - 3 scrolls of fear
 X - 2 scrolls of poison {!r}
Potions
 b - 2 potions of magic
 i - a potion of haste {@q3}
 m - 7 potions of curing {@q1}
 s - 3 potions of flight
 t - 2 potions of heal wounds {@q2}
 u - 3 potions of mutation {!q}
 B - 3 potions of cancellation
 F - a potion of invisibility {unknown}
 H - 2 potions of might
 J - 3 potions of resistance {unknown}

Dungeon Overview and Level Annotations

Branches:
Dungeon (11/15) Zot: 26699  Temple (1/1) D:4 Zot: 5876    Lair (0/5) D:11
Gauntlet (1/1) Zot: 5817
    Orc: D:9-12

Altars:
Ashenzari
Cheibriados
Dithmenos
Elyvilon
Fedhas
Gozag
Hepliaklqana
Kikubaaqudgha
Makhleb
Nemelex Xobeh
Okawaru
Qazlal
Ru
Sif Muna
Trog
Uskayaw
Vehumet
Wu Jian
Xom
Yredelemnul
Zin
The Shining One

Shops:
D:1 *[*[   D:4 ?*=*   D:6 =

Annotations:
D:8 exclusion: downstairs Gauntlet 13 transporters, 3 runed translucent doors, exclusion: orange crystal statue

...........∩..8..∩......§......≈#
§...©.........©.........©......##
#########.#########.#########..§#
##.#.#.##.#.......#.#..#©...#..##
#G#.#.#.#.#..#....#.#..#.##.#..≈#
##.#.#.##.#.###...#.#z.#.##.#.§##
#.#.#©#.#.#..#©#.5#.#z.#....#..≈#
##.#^#.##.#...###Y#.#z.+++###.§##
#G#.#.#G#.#....#@Y#.#z.#.#).#..§#
##G#©#?##.#..$©Y9h#.#z.#©#.[#..##
#############################..≈#
..#.©.........©.........©.#...###
..#...........©...........#...≈#
..#########################..###
.........#....WWWWW#.........≈#
#........#.#.#.#.#.#........###
#§#≈#≈#..#..#.#.#..#..#≈#≈#≈#


You could see 3 yaks, 5 shadows, 5 flying skulls, a friendly guardian golem
(summoned, inner flame, slow), a friendly warg (summoned, sheltered, slow) and a
friendly crimson imp (summoned, sheltered).


Message History

Casting: Summon Small Mammal (safe; 1% risk of failure)
Confirm with . or Enter, or press ? or * to list all spells.
Your bat hits the yak but does no damage. x3
Your rat closely misses the yak.
Your bat barely misses the yak.
Something gores your rat!
Your rat dies!
Your rat's corpse disappears in a puff of smoke!
The yak gores you. The yak barely misses your bat.
Your crimson imp hits the torpor snail but does no damage.
Casting: Call Canine Familiar (safe; 1% risk of failure)
Confirm with . or Enter, or press ? or * to list all spells.
A guardian golem appears, shielding your allies.
Your bat barely misses the yak.
Your bat hits the yak but does no damage. x2
The yak gores you! The yak barely misses your bat.
Your bat hits the yak but does no damage.
Your crimson imp hits the torpor snail but does no damage.
The yak gores your bat!
Your bat dies!
Your bat's corpse disappears in a puff of smoke!
Unknown command.
Unknown command.
You swap places.
You feel yourself speed up. The yak gores your warg. The yak gores your warg!
Your crimson imp hits the yak but does no damage.
Unknown command.
You hit the yak. Lightning courses through the yak!!
You kill the yak!
Your warg is no longer moving slowly.
Your warg barely misses the yak.
The yak gores your warg. Something misses your crimson imp.
Your crimson imp closely misses the yak.
Your warg bites the yak.
Unknown command.
You hit the yak. The yak gores you but does no damage.
The yak snorts and paws the ground.
The yak closely misses your warg.
Your warg bites the yak!
Your crimson imp hits the yak.
The yak gores your warg. The yak gores you!
Unknown command.
The yak attacks as you move away! The yak closely misses you.
Your warg bites the yak!
Being near the torpor snail leaves you feeling lethargic.
The yak barely misses your warg.
You barely miss the yak.
Your warg bites the yak. x2
Your crimson imp hits the yak but does no damage.
The yak gores you but does no damage. The yak gores your warg!
The yak completely misses your warg.
Your warg bites the yak but does no damage.
Your crimson imp hits the yak.
The yak gores your warg! The yak gores you but does no damage.
The yak gores your guardian golem but does no damage.
Unknown command.
You hit the yak.
Your warg closely misses the yak.
Your warg bites the yak.
The yak dies!
The yak closely misses you. The yak misses your warg.
Your crimson imp blinks!
Your warg bites the yak!
The yak gores your guardian golem! The yak gores you. The yak gores your warg.
Unknown command.
You hit the yak.
Your guardian golem overheats!
The yak misses you. The yak gores your warg!
Flame seeps out of your guardian golem.
The yak gores your guardian golem but does no damage.
Your crimson imp blinks!
Your warg bites the yak!
The yak dies!
Your guardian golem is engulfed in blazing flames.
Flame seeps out of your guardian golem. The yak gores you!
The yak gores your guardian golem but does no damage.
You swap places.
Your warg barely misses the yak.
The yak gores you. The yak closely misses you. The yak barely misses you.
Your warg bites the yak!
Your guardian golem is engulfed in blazing flames.
Flame seeps out of your guardian golem.
Unknown command.
You closely miss the yak.
You feel yourself speed up.
Your crimson imp blinks!
The yak gores you. The yak gores you!
* * * LOW HITPOINT WARNING * * *
The yak barely misses you.
Your warg bites the yak but does no damage.
Being near the torpor snail leaves you feeling lethargic.
The yak gores you.
* * * LOW HITPOINT WARNING * * *
The yak barely misses you. The yak gores you!
* * * LOW HITPOINT WARNING * * *
Your warg closely misses the yak.
Unknown command.
You closely miss the yak. The yak barely misses you. The yak gores you!
* * * LOW HITPOINT WARNING * * *
The yak gores you!
* * * LOW HITPOINT WARNING * * *
Your crimson imp completely misses the yak.
Your warg bites the yak but does no damage.
The yak gores you!
* * * LOW HITPOINT WARNING * * *
The yak barely misses you. The yak gores you!
You die...

Skill      XL: |  1  2  3  4  5  6  7  8  9 10 11 |
---------------+----------------------------------+-----
Fighting       | 1 2 3 4 7 8 |  8.0
Summonings     | 4 5 6 7 8 9 |  9.8
Hexes          | 2 3 |  3.0
Armour         | 1 2 4 |  4.0
Spellcasting   | 3 4 7 9 |  9.0
Air Magic      | 3 6 |  6.0
Dodging        | 2 4 |  4.0
Stealth        | 2 4 |  4.0
Invocations    | 3 |  3.8
Short Blades   | |  0.8

Action                   |  1- 3 |  4- 6 |  7- 9 | 10-12 || total
-------------------------+-------+-------+-------+-------++-------
Melee: Club              |    42 |       |       |       ||    42
       Unarmed           |     5 |       |       |       ||     5
       Dagger            |    11 |   120 |   103 |       ||   234
       Punch             |       |     1 |     1 |     1 ||     3
       Falchion          |       |       |     2 |    19 ||    21
 Cast: Summon Small Mamm |    28 |    20 |    49 |    18 ||   115
       Call Imp          |     4 |    11 |    27 |     9 ||    51
       Call Canine Famil |     3 |    24 |    28 |    21 ||    76
       Summon Guardian G |       |     1 |    17 |    18 ||    36
       Summon Lightning  |       |       |     9 |    17 ||    26
Invok: Recall Ancestor   |       |       |     1 |     4 ||     5
       Ancestor Life: Ba |       |       |     1 |       ||     1
       Ancestor Identity |       |       |     1 |       ||     1
  Use: Scroll            |       |    15 |     5 |     2 ||    22
       Potion            |       |       |       |     2 ||     2
 Stab: Sleeping          |     1 |       |       |       ||     1
       Distracted        |       |     1 |     2 |       ||     3
Armor: Robe              |    28 |    40 |       |       ||    68
       Troll leather arm |       |       |    66 |    15 ||    81
Dodge: Dodged            |    42 |    53 |    66 |    42 ||   203
Block: Other             |       |    14 |       |       ||    14
       Reflection        |       |     2 |       |       ||     2

Levels and vault maps discovered:
D:1:      dpeg_arrival_yet_another_circle, layout_basic, serial_shops,
          nicolae_shop_crystal, shop_fountains,
          nicolae_shop_competitors_out_of_business, shop, minmay_3d_cube
D:2:      layout_basic, serial_bayou_ford_a, uniq_jessica, uniq_robin
D:3:      layout_loops_ring, nicolae_elyvilon_peaceful_grove,
          mainiacjoe_overflow_alcove_1, shapermc_ecumenical_altar_totnotflames,
          serial_glass, glass_columns_a, glass_columns_a, minmay_lizard_king
D:4:      layout_basic, minmay_temple_entry_ruins,
          chequers_serial_rivers_micro_c, nicolae_wooded_promenade,
          serial_park_tiny_pond, mrwooster_statue_mirror
D:5:      layout_cave_pools
D:6:      layout_loops_ring, serial_shops, shop
D:7:      layout_cave_pools
D:8:      nicolae_cairo_tiling, layout_basic, minmay_diamond_spiral,
          uniq_prince_ribbit1
D:9:      layout_basic, nzn_wu_jian_contemplation,
          nicolae_overflow_hallway_of_the_gods, lightli_corner_chamber,
          uniq_erica
D:10:     layout_rooms, serial_corexii_hall, corexii_hall_statues_x,
          chequers_hall_statues_wall_a, water_boxes_lemuel, uniq_lodul,
          uniq_erolcha
D:11:     layout_small_grid, hellmonk_lair_entry_icy, gauntlet_entry_generic,
          enter_trove_5
Temple:   nicolae_temple_godzebo
Gauntlet: gammafunk_gauntlet_mixed_choke_point
          [minmay_gauntlet_arena_77_run_for_it,
          minmay_gauntlet_arena_77_double_cross,
          minmay_gauntlet_arena_77_checkered, gammafunk_gauntlet_arena_grid,
          minmay_gauntlet_arena_77_radiant_squares,
          minmay_gauntlet_arena_77_p_blocks,
          minmay_gauntlet_arena_77_chump_sandwich, gauntlet_exit_watery]

Notes
Turn   | Place    | Note
-------+----------+-------------------------------------------
     0 | D:1      | Sobieck the Ogre Summoner began the quest for the Orb.
     0 | D:1      | Reached XP level 1. HP: 16/16 MP: 3/3
    78 | D:1      | Reached skill level 1 in Fighting
    89 | D:1      | You add the spells Gell's Gravitas, Teleport Other and
                  | Dispersal to your library.
   116 | D:1      | Reached XP level 2. HP: 22/27 MP: 1/5
   162 | D:1      | Learned a level 2 spell: Call Imp
   162 | D:1      | Found Zisebu's Armour Shop.
   332 | D:1      | Reached skill level 2 in Fighting
   375 | D:1      | Reached skill level 4 in Summonings
   377 | D:1      | Found Assui's Antique Armour Boutique.
   378 | D:1      | Found Worr's Assorted Antiques.
   405 | D:1      | Found Kuokhemo's Assorted Antiques.
   465 | D:1      | Reached XP level 3. HP: 31/35 MP: 2/6
   591 | D:1      | You pick up a book of Geomancy and begin reading...
   591 | D:1      | You add the spells Sandblast, Passwall and Stone Arrow to
                  | your library.
   689 | D:1      | You add the spells Vhi's Electric Charge, Arcjolt and
                  | Maxwell's Capacitive Coupling to your library.
  1090 | D:2      | Learned a level 3 spell: Call Canine Familiar
  1174 | D:2      | You add the spells Wereblood, Olgreb's Toxic Radiance,
                  | Petrify and Necromutation to your library.
  1174 | D:2      | Got Sif Muna's Quarto of Changing Poisoning
  1287 | D:2      | Reached skill level 3 in Fighting
  1291 | D:2      | Noticed Robin
  1302 | D:2      | Killed Robin
  1303 | D:2      | Reached XP level 4. HP: 45/45 MP: 3/7
  1406 | D:2      | Noticed Jessica
  1415 | D:2      | Killed Jessica
  1553 | D:2      | Reached skill level 5 in Summonings
  1742 | D:1      | Bought a lumpy brass amulet for 115 gold pieces
  1948 | D:2      | Reached XP level 5. HP: 51/53 MP: 4/8
  2330 | D:3      | You pick up a book of Alchemy and begin reading...
  2330 | D:3      | You add the spells Sublimation of Blood and Irradiate to
                  | your library.
  2425 | D:3      | Found an iron altar of Okawaru.
  2494 | D:3      | Found a white marble altar of Elyvilon.
  2781 | D:3      | Found a faded altar of an unknown god.
  3249 | D:4      | Noticed a phantom
  3272 | D:3      | Killed a phantom
  3273 | D:3      | Reached skill level 6 in Summonings
  3273 | D:3      | Reached XP level 6. HP: 41/61 MP: 3/9
  3352 | D:4      | Learned a level 3 spell: Summon Guardian Golem
  3480 | D:4      | Reached skill level 1 in Hexes
  3751 | D:4      | Identified a scroll of acquirement
  3751 | D:4      | Acquired 1154 gold pieces
  3978 | D:1      | Bought a troll leather armour for 270 gold pieces
  3978 | D:1      | Bought a runed kite shield for 135 gold pieces
  3978 | D:1      | Bought a glowing scarf for 144 gold pieces
  4007 | D:1      | Bought a fuming inky potion for 19 gold pieces
  4007 | D:1      | Bought a scroll of teleportation for 66 gold pieces
  4007 | D:1      | Bought a ruby potion for 19 gold pieces
  4007 | D:1      | Bought a scroll labelled JIRYCOG KUYMAR for 22 gold pieces
  4020 | D:1      | Bought an agate ring for 115 gold pieces
  4020 | D:1      | Bought a brightly glowing wooden ring for 115 gold pieces
  4020 | D:1      | Identified the ring of Eniam {rPois rC- Will+ MP+9 Str+6}
                  | (You bought it in a shop on level 1 of the Dungeon)
  4020 | D:1      | Bought a smoky coppery potion for 20 gold pieces
  4020 | D:1      | Bought a scroll of noise for 23 gold pieces
  4020 | D:1      | Bought a fuming inky potion for 20 gold pieces
  4347 | D:4      | Found a staircase to the Ecumenical Temple.
  4356 | Temple   | Entered the Ecumenical Temple
  4454 | Temple   | Became a worshipper of Hepliaklqana the Forgotten
  4507 | D:4      | Found Heor's Assorted Antiques.
  4509 | D:4      | Found Kyuzxocs's Assorted Antiques.
  4510 | D:4      | Found Ebovuech's Magic Scroll Shop.
  4510 | D:4      | Found Udarron's Jewellery Shoppe.
  4587 | D:4      | Bought a scroll of identify for 20 gold pieces
  4809 | D:5      | Entered Level 5 of the Dungeon
  4816 | D:5      | Reached skill level 2 in Hexes
  4816 | D:5      | Reached XP level 7. HP: 67/67 MP: 10/10
  4840 | D:5      | Reached skill level 3 in Hexes
  4840 | D:5      | Reached skill level 7 in Summonings
  4941 | D:5      | Reached skill level 1 in Armour
  4941 | D:5      | Reached skill level 3 in Spellcasting
  4944 | D:5      | Reached skill level 4 in Fighting
  5066 | D:5      | You pick up a book of Conjurations {@e2} and begin
                  | reading...
  5066 | D:5      | You add the spells Magic Dart, Searing Ray and Fulminant
                  | Prism to your library.
  5162 | D:5      | Reached XP level 8. HP: 78/79 MP: 13/13
  5191 | D:5      | Reached skill level 2 in Armour
  5644 | D:6      | Reached skill level 5 in Fighting
  5644 | D:6      | Reached skill level 4 in Spellcasting
  5649 | D:6      | Learned a level 4 spell: Summon Lightning Spire
  5685 | D:6      | Reached skill level 1 in Air Magic
  5842 | D:6      | Reached skill level 6 in Fighting
  5842 | D:6      | Reached skill level 2 in Air Magic
  6122 | D:6      | Reached skill level 3 in Air Magic
  6152 | D:6      | Reached * piety under Hepliaklqana
  6349 | D:6      | Reached skill level 7 in Fighting
  6384 | D:6      | Found Atajan's Jewellery Shoppe.
  6569 | D:7      | Reached XP level 9. HP: 78/84 MP: 15/15
  6618 | D:7      | Reached skill level 8 in Fighting
  6618 | D:7      | Reached skill level 4 in Air Magic
  6681 | D:7      | Reached skill level 5 in Air Magic
  7299 | D:8      | Reached skill level 6 in Air Magic
  7338 | D:8      | Reached skill level 2 in Dodging
  7349 | D:8      | Reached ** piety under Hepliaklqana
  7350 | D:8      | Remembered your ancestor Dejan as a battlemage
  7631 | D:8      | Noticed Prince Ribbit
  7637 | D:8      | Killed Prince Ribbit
  7638 | D:8      | Reached skill level 2 in Stealth
  7678 | D:8      | Noticed a kobold demonologist
  7681 | D:8      | Noticed a troll
  7689 | D:8      | Noticed a centaur warrior
  7693 | D:8      | Reached XP level 10. HP: 82/93 MP: 17/17
  7698 | D:8      | Killed a centaur warrior
  7699 | D:8      | Reached skill level 3 in Armour
  7699 | D:8      | Reached skill level 3 in Dodging
  7699 | D:8      | Reached skill level 5 in Spellcasting
  7780 | D:8      | Reached skill level 3 in Stealth
  7785 | D:8      | Killed a kobold demonologist
  7809 | D:8      | You pick up a book of Flames and begin reading...
  7809 | D:8      | You add the spells Inner Flame, Sticky Flame and Flame Wave
                  | to your library.
  7810 | D:8      | Identified the amulet of Quzyprid {Spirit Dex+3}
  8213 | D:9      | Noticed a manticore
  8240 | D:9      | Reached *** piety under Hepliaklqana
  8606 | D:9      | Noticed Erica
  8622 | D:9      | Killed Erica
  8697 | D:9      | Reached skill level 4 in Dodging
  8697 | D:9      | Reached skill level 6 in Spellcasting
  8708 | D:9      | HP: 23/93 [killer bee (6)]
  8714 | D:8      | HP: 20/93 [killer bee (8)]
  8800 | D:4      | Bought the amulet "Kudunia" {RegenMP Regen+ Int+3} for 606
                  | gold pieces
  8876 | D:7      | Reached skill level 4 in Armour
  8876 | D:7      | Reached skill level 8 in Summonings
  9031 | D:9      | Found an ornate altar of the Wu Jian Council.
  9217 | D:9      | Found a basalt altar of Yredelemnul.
  9217 | D:9      | Found a hide-covered altar of Uskayaw.
  9217 | D:9      | Found a broken altar of Ashenzari.
  9227 | D:9      | Found an opulent altar of Gozag.
  9231 | D:9      | Found a sparkling altar of Nemelex Xobeh.
  9235 | D:9      | Found a snail-covered altar of Cheibriados.
  9236 | D:9      | Found a sacrificial altar of Ru.
  9287 | D:10     | Entered Level 10 of the Dungeon
  9287 | D:10     | Noticed Erolcha
  9310 | D:10     | Killed Erolcha
  9311 | D:10     | Reached skill level 4 in Stealth
  9350 | D:10     | Reached skill level 7 in Spellcasting
  9365 | D:10     | Reached XP level 11. HP: 99/99 MP: 21/21
  9385 | D:10     | Noticed Lodul
  9390 | D:10     | Reached skill level 8 in Spellcasting
  9390 | D:10     | Reached skill level 9 in Summonings
  9395 | D:10     | Killed Lodul
  9573 | D:10     | Reached **** piety under Hepliaklqana
  9971 | D:11     | Found a staircase to the Lair.
  9984 | D:11     | Reached skill level 1 in Invocations
  9987 | D:11     | Noticed a manticore
  9992 | D:11     | Killed a manticore
  9993 | D:11     | Reached skill level 2 in Invocations
  9995 | D:11     | Noticed a two-headed ogre
 10111 | D:11     | Killed a two-headed ogre
 10199 | D:11     | Reached skill level 3 in Invocations
 10201 | D:11     | Reached skill level 9 in Spellcasting
 10252 | D:11     | Found a gate leading to a gauntlet.
 10261 | Gauntlet | Entered a Gauntlet
 10261 | Gauntlet | Found a transporter.
 10261 | Gauntlet | Found a transporter.
 10261 | Gauntlet | Found a runed translucent gate.
 10261 | Gauntlet | Found a runed translucent gate.
 10267 | Gauntlet | Found a transporter.
 10280 | Gauntlet | Found a transporter.
 10296 | Gauntlet | Found a transporter.
 10296 | Gauntlet | Found a transporter.
 10297 | Gauntlet | Found a transporter.
 10299 | Gauntlet | Found a transporter.
 10299 | Gauntlet | Found a transporter.
 10301 | Gauntlet | Noticed a reaper
 10316 | Gauntlet | Found a transporter.
 10329 | Gauntlet | Found a transporter.
 10332 | Gauntlet | Noticed an orange crystal statue
 10336 | Gauntlet | Found a transporter.
 10353 | Gauntlet | Found a transporter.
 10373 | Gauntlet | Found a transporter.
 10375 | Gauntlet | Found a runed translucent gate.
 10433 | Gauntlet | HP: 16/99 [yak (12)]
 10433 | Gauntlet | HP: 2/99 [yak (14)]
 10433 | Gauntlet | Slain by a yak

Vanquished Creatures
  A yak (Gauntlet)
  A centaur (D:5)
  A phantom (D:3)
  A scorpion (D:4)
  An electric eel (D:10)
  A hound (D:6)
  4 adders
  A worm (D:4)
  A dart slug (D:1)
  4 orcs
  4 endoplasms
  2 giant cockroaches
  4 goblins
  7 hobgoblins
  A quokka (D:3)
  3 ball pythons
  6 bats
  11 frilled lizards
  A kobold (D:3)
  3 rats
58 creatures vanquished.

Vanquished Creatures (collateral kills)
  Erolcha (D:10)
  Erica (D:9)
  A centaur warrior (D:8)
  A two-headed ogre (D:11)
  Lodul (D:10)
  A rime drake (D:11)
  A kobold demonologist (D:8)
  A troll (D:8)
  Prince Ribbit (D:8)
  A wraith (D:11)
  5 yaks
  A water moccasin (D:7)
  2 acid dragons
  6 ice beasts
  4 orc warriors
  A sky beast (D:7)
  A centaur (D:6)
  2 wolves (D:11)
  6 ogres
  2 phantoms (D:5)
  2 kobold brigands
  2 scorpions (D:5)
  A gnoll sergeant (D:8)
  A necrophage (D:5)
  5 wights
  6 killer bees
  2 electric eels (D:10)
  A nameless horror (D:7)
  5 howler monkeys
  5 hounds
  2 gnoll boudas
  2 orc priests
  2 jellies (D:7)
  Jessica (D:2)
  2 iguanas
  Robin (D:2)
  23 gnolls
  5 adders
  An ufetubus (D:5)
  A worm (D:2)
  13 orcs
  3 bats
  3 endoplasms (D:1)
  4 hobgoblins
  3 jackals (D:4)
  2 quokkas (D:1)
  3 ball pythons
  13 goblins
  14 kobolds
  4 rats
172 creatures vanquished.

Vanquished Creatures (others)
  A manticore (D:11)
  A yak (D:10)
  A vampire mosquito (D:8)
  A sky beast (D:7)
  4 ogres
  3 wights (D:9)
  2 killer bees (D:8)
  2 gnoll boudas (D:6)
  A hound (D:6)
  4 battlemagi
  2 ancestors (D:7)
  4 gnolls (D:6)
  A shadow imp (D:7)
  A goblin (D:4)
  7 plants
35 creatures vanquished.

Grand Total: 265 creatures vanquished

Table legend:
 A = Non-vault XP
 B = Vault XP
 C = Vault XP percentage of total XP
 D = Non-vault monster count
 E = Vault monster count
 F = Vault count percentage of total count
                 A         B        C        D         E       F
            +---------+---------+-------+---------+---------+-------
      Total |    8246 |    6998 |  45.9 |     201 |      49 |  19.6
            +---------+---------+-------+---------+---------+-------
        D:1 |      47 |       4 |   7.8 |      27 |       3 |  10.0
        D:2 |      49 |      71 |  59.2 |      14 |      12 |  46.2
        D:3 |     196 |       9 |   4.4 |      17 |       9 |  34.6
        D:4 |     223 |       0 |   0.0 |      25 |       0 |   0.0
        D:5 |     831 |       0 |   0.0 |      15 |       0 |   0.0
        D:6 |     753 |       0 |   0.0 |      25 |       0 |   0.0
        D:7 |    1310 |       0 |   0.0 |      25 |       0 |   0.0
        D:8 |     968 |    1889 |  66.1 |      20 |       5 |  20.0
        D:9 |     740 |     836 |  53.0 |      14 |       1 |   6.7
       D:10 |    1324 |    2304 |  63.5 |      13 |       8 |  38.1
       D:11 |    1805 |    1264 |  41.2 |       6 |       8 |  57.1
   Gauntlet |       0 |     621 | 100.0 |       0 |       3 | 100.0
            +---------+---------+-------+---------+---------+-------

Illustrated notes

Table legend:
 A = Kills in this place as a percentage of kills in entire the game.
 B = Kills by you in this place as a percentage of kills by you in the entire game.
 C = Kills by friends in this place as a percentage of kills by friends in the entire game.
 D = Other kills in this place as a percentage of other kills in the entire game.
 E = Experience gained in this place as a percentage of experience gained in the entire game.
 F = Experience gained in this place divided by the number of levels of this place that you have seen.
                   A       B       C       D       E      F
               +-------+-------+-------+-------+-------+----------------------
         Total | 100.0 | 100.0 | 100.0 | 100.0 | 100.0 | 1172.6
       Dungeon |  98.8 |  98.3 |  98.8 | 100.0 |  95.9 | 1329.4
      Gauntlet |   1.2 |   1.7 |   1.2 |   0.0 |   4.1 | 621.0
               +-------+-------+-------+-------+-------+----------------------

Table legend: (Time is in decaauts)
 A = Elapsed time spent in this place.
 B = Non-inter-level travel time spent in this place.
 C = Inter-level travel time spent in this place.
 D = Time resting spent in this place.
 E = Time spent auto-exploring this place.
 F = Levels seen in this place.
 G = Mean time per level.
                   A        B        C        D        E       F      G
               +--------+--------+--------+--------+--------+-----+--------+
         Total |  10477 |   9640 |    837 |    602 |   6308 |  13 |  805.9 |
       Dungeon |  10173 |   9361 |    812 |    602 |   6229 |  11 |  924.8 |
        Temple |    123 |     98 |     25 |      0 |     79 |   1 |  123.0 |
      Gauntlet |    180 |    180 |      0 |      0 |      0 |   1 |  180.0 |
               +--------+--------+--------+--------+--------+-----+--------+

Top non-repeatable levels by time:
     D:2: 1351 daAuts
     D:3: 1212 daAuts
     D:4: 1147 daAuts
     D:1: 1098 daAuts
     D:6: 1071 daAuts
     D:9: 900 daAuts
     D:8: 879 daAuts
     D:7: 819 daAuts
    D:10: 721 daAuts
     D:5: 717 daAuts
    D:11: 253 daAuts
Gauntlet: 180 daAuts
  Temple: 123 daAuts
